AoeStats
← HandledLeader97

Hideout

509513032Analyzed
1v1 RM · 4d ago on Sep 27, 2026· 54m 20s· 2 players
Game mode
Random Map
Map size
Tiny (2 player)
Population
200
Speed
Normal
Resources
Standard
Victory
Conquest
Starting age
Dark Age
Ending age
Imperial Age
RankedLock teamsTeams togetherTeam positionsShared explorationLock speedFull tech treeHidden civsTurbo modeCheats
Victory
Defeat
🇺🇸 Cumans · United States
1338
+17
🇺🇸 Hindustanis · United States
1368
-17
sylar [/-(-_-)_/]
9:48 Feudal Age
8:05 Loom
10:22 Double-Bit Axe
11:02 Horse Collar
16:55 Fletching
22:29 Castle Age
21:11 Padded Archer Armor
22:23 Bloodlines
23:37 Wheelbarrow
22:34 Crossbowman
23:10 Bodkin Arrow
23:50 Bow Saw
23:57 Forging
24:21 Scale Barding Armor
27:14 Thumb Ring
33:04 Imperial Age
30:51 Hand Cart
32:11 Gold Mining
32:21 Town Watch
33:54 Light Cavalry
35:16 Iron Casting
35:01 Chain Barding Armor
37:23 Pikeman
38:04 Squires
38:18 Halberdier
38:59 Scale Mail Armor
40:00 Blast Furnace
40:28 Two-Man Saw
39:30 Heavy Plow
40:22 Plate Barding Armor
40:04 Chain Mail Armor
41:25 Chemistry
40:47 Ballistics
40:57 Leather Archer Armor
41:19 Cavalier
43:23 Murder Holes
43:46 Hussar
46:23 Ring Archer Armor
47:20 Hoardings
47:06 Conscription
47:10 Masonry
HandledLeader97
5:03 Loom
10:41 Feudal Age
12:40 Double-Bit Axe
15:03 Castle Age
13:26 Horse Collar
16:23 Bow Saw
19:19 Fletching
22:01 Wheelbarrow
22:59 Heavy Plow
23:15 Scale Barding Armor
23:27 Bloodlines
23:50 Bodkin Arrow
24:58 Chain Barding Armor
24:48 Forging
24:39 Padded Archer Armor
24:02 Elite Skirmisher
25:44 Hand Cart
26:42 Town Watch
29:08 Iron Casting
30:44 Scale Mail Armor
33:57 Imperial Age
31:22 Gold Mining
32:45 Husbandry
33:04 Chain Mail Armor
35:10 Shatagni
36:15 Chemistry
34:38 Heavy Camel Rider
36:34 Plate Barding Armor
41:33 Gold Shaft Mining
41:23 Imperial Camel Rider
44:01 Leather Archer Armor
44:47 Blast Furnace
44:23 Light Cavalry
45:38 Ring Archer Armor
47:39 Siege Engineers
51:02 Bracer
Connection lost

Rejoining the realm…

Still unreachable

The connection could not be restored.

Session expired

The server has moved on; the page needs a fresh start.